 Dungeon Crawl Stone Soup version 0.27.1 (webtiles) character file.

Game seed: 1999978008260932513

78745 garrulousMonolith the Geomancer (level 15, -12/97 HPs)
             Began as a Gargoyle Earth Elementalist on Aug 24, 2021.
             Was a High Priest of Nemelex Xobeh.
             Mangled by Donald (33 damage)
             ... on level 2 of the Orcish Mines.
             The game lasted 00:52:16 (30521 turns).

garrulousMonolith the Geomancer (GrEE)             Turns: 30521, Time: 00:52:16

Health: -12/97     AC: 27    Str: 11    XL:     15   Next: 61%
Magic:  9/30       EV: 13    Int: 28    God:    Nemelex Xobeh [*****.]
Gold:   2785       SH:  5    Dex: 10    Spells: 12/36 levels left

rFire    + + .     SeeInvis .   g - +6 falchion "Iriucaxi" {elec, rC+ rCorr}
rCold    + . .     Faith    .   j - +1 buckler {reflect}
rNeg     + . .     Spirit   .   G - +3 ring mail {rF+}
rPois    ∞         Reflect  +   C - +2 helmet
rElec    +         Harm     .   F - +2 cloak
rCorr    +         Rampage  .   v - +0 pair of gloves
Will     +....                  W - +0 pair of boots
Stlth    +.........             u - amulet of regeneration
HPRegen  1.26/turn              O - ring of protection from fire
MPRegen  0.22/turn              J - ring of Gaczopn {Int+5 Slay+4}

@: flying
A: sickness immunity, AC +11, big wings, negative energy resistance 1,
electricity resistance, torment resistance 1, petrification resistance
a: Renounce Religion, Draw Escape, Draw Destruction, Draw Summoning, Triple
Draw, Deal Four, Stack Five


You were on level 2 of the Orcish Mines.
You worshipped Nemelex Xobeh.
Nemelex Xobeh was extremely pleased with you.
You visited 4 branches of the dungeon, and saw 20 of its levels.
You also visited: Ice Cave and Volcano.

You collected 3774 gold pieces.
You spent 989 gold pieces at shops.

Inventory:

Hand Weapons
 g - the +6 falchion "Iriucaxi" (weapon) {elec, rC+ rCorr}
   (You found it on level 2 of the Lair of Beasts)

   It occasionally discharges a powerful burst of electricity upon striking a
   foe.
   rC:        It protects you from cold.
   rCorr:     It protects you from acid and corrosion.
 m - a +3 broad axe of flaming
Missiles
 c - 110 stones
 f - 17 javelins
 H - 6 curare-tipped darts
 Q - 4 throwing nets
 U - 15 poisoned darts (quivered)
Armour
 j - a +1 buckler of reflection (worn)
 v - a +0 pair of gloves (worn)
 C - a +2 helmet (worn)
 F - a +2 cloak (worn)
 G - a +3 ring mail of fire resistance (worn)
 W - a +0 pair of boots (worn)
Jewellery
 d - a ring of protection from cold
 s - the ring of the Magpie {rN+ Str+5 Int-5 Dex+7}
   (You found it on level 6 of the Lair of Beasts)

   [ring of positive energy]

   Str:       It affects your strength (+5).
   Int:       It affects your intelligence (-5).
   Dex:       It affects your dexterity (+7).
   rN:        It protects you from negative energy.
 u - an amulet of regeneration (around neck)
 z - a ring of protection from cold
 E - a +4 ring of protection
 J - the ring of Gaczopn (right hand) {Int+5 Slay+4}
   (You found it on level 7 of the Dungeon)

   [ring of slaying]

   Int:       It affects your intelligence (+5).
   Slay:      It affects your accuracy & damage with ranged weapons and melee
   (+4).
 L - a ring of protection from fire
 O - a ring of protection from fire (left hand)
Wands
 w - a wand of charming (14)
 B - a wand of paralysis (14)
 N - a wand of iceblast (20)
 R - a wand of polymorph (27)
 S - a wand of acid (19)
Scrolls
 b - 6 scrolls of teleportation
 h - 3 scrolls of enchant weapon
 i - 3 scrolls of fog
 k - 3 scrolls of brand weapon
 o - 2 scrolls of holy word
 p - a scroll of torment
 q - 2 scrolls of enchant armour
 y - 2 scrolls of amnesia
 D - a scroll of immolation
 K - 2 scrolls of summoning
 M - a scroll of magic mapping
 X - a scroll of blinking
Potions
 a - 3 potions of lignification
 e - 2 potions of berserk rage
 l - 4 potions of might
 n - 3 potions of magic
 r - 3 potions of curing
 t - a potion of ambrosia
 x - 3 potions of cancellation
 A - 4 potions of brilliance
 T - a potion of resistance
 Y - 3 potions of mutation
 Z - 2 potions of haste


   Skills:
 + Level 12.8 Fighting
 + Level 1.8 Armour
 - Level 10.2 Dodging
 - Level 2.1 Stealth
 - Level 4.0 Shields
 + Level 11.2 Spellcasting
 * Level 12.2 Conjurations
 - Level 1.0 Transmutations
 * Level 14.1 Earth Magic
 + Level 7.4 Invocations


You had 12 spell levels left.
You knew the following spells:

 Your Spells              Type           Power      Damage    Failure   Level
a - Sandblast             Erth           100%       2d20      1%          1
b - Stone Arrow           Conj/Erth      100%       3d13      1%          3
c - Passwall              Tmut/Erth      45%        N/A       1%          2
d - Animate Armour        Summ/Erth      100%       N/A       4%          4
e - Iron Shot             Conj/Erth      37%        9d7       5%          6
f - Petrify               Tmut/Erth      55%        N/A       3%          4
g - Sticky Flame          Conj/Fire      50%        2d7       7%          4

Your spell library contained the following spells:

 Spells                   Type           Power      Damage    Failure   Level
 Static Discharge         Conj/Air       50%        N/A       1%          2
 Conjure Flame            Conj/Fire      50%        6-21      1%          3
 Hailstorm                Conj/Ice       50%        3d11      7%          4
 Animate Skeleton         Necr           30%        N/A       9%          1
 Corona                   Hex            16%        N/A       9%          1
 Freeze                   Ice            60%        1d8       9%          1
 Pain                     Necr           60%        1d7       9%          1
 Ensorcelled Hibernation  Hex/Ice        30%        N/A       13%         2
 Slow                     Hex            15%        N/A       13%         2
 Ignite Poison            Fire/Tmut/Pois 17%        N/A       22%         3
 Confusing Touch          Hex            15%        N/A       26%         3
 Frozen Ramparts          Ice            30%        1d5       26%         3
 Tukima's Dance           Hex            15%        N/A       26%         3
 Vampiric Draining        Necr           7%         2d7       26%         3
 Ice Form                 Ice/Tmut       18%        N/A       56%         4
 Dispel Undead            Necr           15%        3d10      63%         4
 Olgreb's Toxic Radiance  Pois           15%        N/A       63%         4
 Blade Hands              Tmut           10%        N/A       83%         5
 Yara's Violent Unravell  Hex/Tmut       9%         3d6       88%         5
 Lehudib's Crystal Spear  Conj/Erth      37%        10d9      94%         8
 Simulacrum               Ice/Necr       7%         N/A       100%        6
 Ozocubu's Refrigeration  Ice            7%         4d6       100%        7
 Ignition                 Fire           7%         3d5       100%        8


Dungeon Overview and Level Annotations

Branches:
Dungeon (11/15)            Temple (1/1) D:4            Lair (6/6) D:11
  Swamp (0/4) Lair:4       Spider (0/4) Lair:2        Slime (0/5) Lair:6
    Orc (2/2) D:11            Elf (0/3) Orc:2         IceCv (visited)
Volcano (visited)

Altars:
Ashenzari
Cheibriados
Dithmenos
Elyvilon
Fedhas
Gozag
Hepliaklqana
Kikubaaqudgha
Makhleb
Nemelex Xobeh
Okawaru
Qazlal
Ru
Sif Muna
Trog
Uskayaw
Vehumet
Wu Jian
Xom
Yredelemnul
Zin
The Shining One
Beogh
Jiyva

Shops:
D:1 !   D:6 [[*:*   D:11 *   Orc:2 **

Annotations:
Orc:2 Donald


Innate Abilities, Weirdness & Mutations

You are immune to sickness and miasma.
Your stone body is resilient. (AC +11)
You are immune to poison.
Your large and strong wings let you fly.
You resist negative energy. (rN+)
You are resistant to electric shocks. (rElec)
You are resistant to unholy torment.
You are immune to petrification.


Message History

You feel better.
Donald laughs, "An explosive gambit...
I hate that."
Okay, then.
Casting: Iron Shot (dangerous; 5% risk of failure)
Confirm with . or Enter, or press ? or * to list all spells.
Donald hits you but does no damage.
Donald hits you with a +1 long sword of freezing!
Donald freezes you.
You hit Donald. Lightning courses through Donald!
Donald is moderately wounded.
Donald says, "The people that built this place?
They must be crazy."
Donald hits you but does no damage. Donald barely misses you.
You riposte.
Donald blocks your attack.
Donald is moderately wounded.
You slash Donald!
Donald is moderately wounded.
Donald gestures wildly while chanting.
Donald seems to grow stronger.
You block Donald's attack. Donald blocks your attack.
Donald is moderately wounded.
Donald barely misses you.
You riposte.
You hit Donald but do no damage. Lightning courses through Donald!!
Donald is heavily wounded.
You hit Donald but do no damage. Lightning courses through Donald!!
Donald is severely wounded.
Donald hits you with a +1 long sword of freezing!!
* * * LOW HITPOINT WARNING * * *
Donald freezes you.
* * * LOW HITPOINT WARNING * * *
Donald hits you with a +1 long sword of freezing!
* * * LOW HITPOINT WARNING * * *
Donald freezes you.
* * * LOW HITPOINT WARNING * * *
Your animated ring mail hits Donald but does no damage. x2
You hit Donald but do no damage.
Donald is severely wounded.
You block Donald's attack.
Donald hits you with a +1 long sword of freezing!!
You die...
Your body glows slightly and disappears.

.........>...#####.....
....$..........###..#.#.
..............###.......
.............###...#.#.#
............###.....).5.
...#.....).###..#.#).o..
..#.......## ..##..3.#..
.......[.## . ##.).###.
......@@## ##...## ##
........# ##..5## #
.....)... ##.3.##
.......... ##...##
.........###.#.##
........###...##
#.#...... ##.#.#
......... ##


oo# ...# You could see Donald (fast, strong, ally target) and a friendly
animated ring mail (summoned).

Vanquished Creatures
  Gastronok (D:8)
  A reaper (IceCv)
  Azrael (Orc:2)
  9 hydras
  2 boulder beetles
  An ice dragon (Lair:6)
  Harold (D:8)
  An ogre mage (Volcano)
  4 two-headed ogres (Volcano)
  11 death yaks
  2 orc high priests
  A hell knight (Volcano)
  A sun demon (Orc:2)
  A lindwurm (Lair:6)
  2 orc knights
  An orc sorcerer (Orc:2)
  2 wolf spiders (Lair:2)
  7 black mambas
  5 elephants
  2 ice statues (IceCv)
  A rust devil (Orc:2)
  5 torpor snails (Lair:6)
  A guardian serpent (Lair:6)
  A gargoyle (D:11)
  11 cane toads
  7 ice devils
  7 komodo dragons
  4 rime drakes
  A kobold demonologist (D:11)
  4 trolls
  A red devil (Orc:2)
  A jumping spider (Lair:2)
  4 tyrant leeches
  2 polar bears
  9 hornets
  12 dream sheep
  6 blink frogs
  A shadow (D:11)
  2 redbacks
  A ynoxinul (Orc:2)
  59 yaks
  3 basilisks
  A wraith (D:9)
  14 wyverns
  2 fire elementals (Orc:2)
  4 steam dragons
  2 death yak simulacra (IceCv)
  2 vampire mosquitoes (D:10)
  A swamp worm (Lair:5)
  2 harpy simulacra (IceCv)
  An acid dragon (D:9)
  26 water moccasins
  A hell hound (Orc:2)
  2 sky beasts (D:6)
  A swamp drake (D:11)
  4 black bears
  28 orc warriors
  2 necrophages (D:5)
  6 ogres
  5 centaurs
  10 wolves (Lair:2)
  Blork the orc (D:5)
  A wyvern zombie (D:5)
  8 bullfrogs
  A cane toad simulacrum (IceCv)
  3 two-headed ogre simulacra (IceCv)
  3 scorpions
  A wyvern skeleton (D:7)
  5 water moccasin skeletons
  10 killer bees
  4 elephant simulacra (IceCv)
  An electric eel (Lair:1)
  2 centaur zombies
  A bullfrog zombie (D:6)
  3 hounds
  A jelly (D:5)
  23 orc priests
  A bullfrog skeleton (D:5)
  4 iguanas
  16 orc wizards
  4 spriggan simulacra (IceCv)
  A troll simulacrum (IceCv)
  A polar bear simulacrum (IceCv)
  8 gnolls
  A howler monkey skeleton (D:6)
  7 adders
  2 naga simulacra (IceCv)
  2 shadow imps
  4 white imps
  An ufetubus (IceCv)
  An adder skeleton (D:5)
  A worm (D:2)
  2 dart slugs (D:1)
  79 orcs
  5 bats
  7 endoplasms
  5 giant cockroaches
  2 goblins
  9 hobgoblins
  5 jackals
  10 kobolds
  A quokka (D:1)
  5 ball pythons
  7 frilled lizards
  2 rats
574 creatures vanquished.

Vanquished Creatures (collateral kills)
  2 two-headed ogres (Volcano)
  A death yak (Lair:5)
  A wolf spider (Lair:6)
  2 elephants (Lair:4)
  A black mamba (Lair:6)
  A komodo dragon (Lair:6)
  2 tyrant leeches
  A hornet (Lair:6)
  A wyvern (Lair:6)
  5 yaks
  5 water moccasins
  A hell hound (Orc:2)
  2 orc warriors
  An ice beast (D:5)
  An ogre (D:5)
  A hound (D:5)
  An iguana (D:5)
  An orc wizard (Orc:2)
  An orc (Orc:2)
31 creatures vanquished.

Vanquished Creatures (others)
  A komodo dragon (Lair:1)
  A water moccasin (Lair:1)
  An orc wizard (D:11)
  2 bushes (D:11)
  34 fungi
  89 plants
128 creatures vanquished.

Grand Total: 733 creatures vanquished

Notes
Turn   | Place    | Note
-------+----------+-------------------------------------------
     0 | D:1      | garrulousMonolith the Gargoyle Earth Elementalist began the
                  | quest for the Orb.
     0 | D:1      | Reached XP level 1. HP: 10/10 MP: 3/3
   308 | D:1      | Reached skill level 1 in Transmutations
   308 | D:1      | Reached XP level 2. HP: 16/16 MP: 3/5
   429 | D:1      | Reached skill level 4 in Earth Magic
   590 | D:1      | Found Hene's Distillery.
   610 | D:1      | Reached skill level 1 in Fighting
   610 | D:1      | Reached XP level 3. HP: 15/20 MP: 0/6
   932 | D:1      | Found a faded altar of an unknown god.
  1328 | D:2      | Learned a level 3 spell: Stone Arrow
  1331 | D:2      | Learned a level 2 spell: Passwall
  1528 | D:2      | Reached skill level 1 in Conjurations
  1528 | D:2      | Reached XP level 4. HP: 12/25 MP: 1/7
  2091 | D:2      | Found a stormy altar of Qazlal.
  2512 | D:3      | Found a basalt altar of Yredelemnul.
  2579 | D:3      | Found a sparkling altar of Nemelex Xobeh.
  2583 | D:3      | Became a worshipper of Nemelex Xobeh the Trickster
  2831 | D:2      | Reached XP level 5. HP: 30/30 MP: 3/8
  3026 | D:1      | Bought a potion of heal wounds for 50 gold pieces
  3695 | D:4      | Reached skill level 5 in Earth Magic
  3786 | D:4      | Found a staircase to the Ecumenical Temple.
  3855 | Temple   | Entered the Ecumenical Temple
  4294 | D:4      | Reached * piety under Nemelex Xobeh
  4551 | D:5      | Entered Level 5 of the Dungeon
  4551 | D:5      | Noticed Blork the orc
  4556 | D:5      | Killed Blork the orc
  4557 | D:5      | Reached XP level 6. HP: 23/36 MP: 3/10
  5013 | D:5      | Reached XP level 7. HP: 38/40 MP: 6/11
  5128 | D:5      | Reached skill level 6 in Earth Magic
  5472 | D:5      | Received a gift from Nemelex Xobeh
  5522 | D:5      | Reached XP level 8. HP: 46/46 MP: 11/13
  5577 | D:5      | Reached skill level 7 in Earth Magic
  5586 | D:5      | Reached skill level 5 in Conjurations
  6042 | D:5      | Reached skill level 1 in Invocations
  6509 | D:6      | Found Deepsock's Antique Armour Shoppe.
  6518 | D:6      | Bought a glowing buckler for 172 gold pieces
  6633 | D:6      | Reached skill level 8 in Earth Magic
  6633 | D:6      | Reached XP level 9. HP: 52/52 MP: 5/15
  6891 | D:6      | Reached ** piety under Nemelex Xobeh
  7213 | D:6      | Found Feizuog's Armour Shop.
  7308 | D:6      | Reached skill level 5 in Fighting
  7697 | D:6      | Found Zikivvar's Book Emporium.
  7752 | D:6      | Found Foudeter's Assorted Antiques.
  7775 | D:6      | Found Xeful's General Store.
  7848 | D:6      | Bought a potion of curing for 39 gold pieces
  8324 | D:7      | Identified the ring of Gaczopn {Int+5 Slay+4}
  8332 | D:7      | Learned a level 4 spell: Petrify
  8421 | D:7      | Reached skill level 9 in Earth Magic
  8633 | D:7      | Received a gift from Nemelex Xobeh
  8660 | D:7      | Reached XP level 10. HP: 53/59 MP: 11/17
  8661 | D:7      | Reached skill level 5 in Spellcasting
  9073 | D:8      | Noticed Gastronok
  9602 | D:8      | Killed Gastronok
  9603 | D:8      | Reached skill level 5 in Dodging
  9603 | D:8      | Reached skill level 10 in Earth Magic
  9862 | D:8      | Noticed Harold
  9867 | D:8      | Killed Harold
 10020 | D:8      | Reached XP level 11. HP: 61/66 MP: 0/19
 10266 | D:8      | Reached *** piety under Nemelex Xobeh
 10327 | D:8      | Reached skill level 5 in Invocations
 10748 | D:9      | Found a blossoming altar of Fedhas.
 10752 | D:9      | Found an ancient bone altar of Kikubaaqudgha.
 10767 | D:9      | Found a glowing golden altar of the Shining One.
 10999 | D:9      | Found an iron altar of Okawaru.
 11087 | D:9      | Reached skill level 1 in Shields
 11087 | D:9      | Reached skill level 11 in Earth Magic
 11593 | D:10     | Entered Level 10 of the Dungeon
 11779 | D:10     | Identified the +7 whip "Ilohed" {flame, Drain Fly Dex+10}
 12135 | D:10     | Reached **** piety under Nemelex Xobeh
 12181 | D:10     | Learned a level 4 spell: Sticky Flame
 13230 | D:10     | Identified the +4 scale mail "Wiatej" {rElec rC+ Dex+3}
 13251 | D:10     | Received a gift from Nemelex Xobeh
 13976 | D:11     | Noticed an eight-headed hydra
 13980 | D:11     | Killed an eight-headed hydra
 14098 | D:11     | Reached skill level 12 in Earth Magic
 14131 | D:11     | Noticed a six-headed hydra
 14136 | D:11     | Killed a six-headed hydra
 14137 | D:11     | Reached XP level 12. HP: 44/72 MP: 2/22
 14266 | D:11     | Received a gift from Nemelex Xobeh
 14266 | D:11     | Found a staircase to the Lair.
 14294 | D:11     | Reached skill level 10 in Conjurations
 15254 | D:11     | Found Nenyj's Elemental Accessories.
 15652 | D:11     | Found a staircase to the Orcish Mines.
 15968 | Lair:1   | Entered Level 1 of the Lair of Beasts
 16146 | Lair:1   | Noticed a seven-headed hydra
 16196 | Lair:1   | Killed a seven-headed hydra
 16698 | Lair:1   | Noticed a four-headed hydra
 16703 | Lair:1   | Killed a four-headed hydra
 16704 | Lair:1   | Noticed a death yak
 16710 | Lair:1   | Noticed a death yak
 16711 | Lair:1   | Killed a death yak
 16712 | Lair:1   | Noticed a death yak
 16713 | Lair:1   | Noticed a death yak
 16734 | Lair:1   | Noticed a death yak
 16735 | Lair:1   | Killed a death yak
 16738 | Lair:1   | Killed a death yak
 16747 | Lair:1   | Killed a death yak
 16748 | Lair:1   | Reached XP level 13. HP: 62/82 MP: 1/25
 16761 | Lair:1   | Reached skill level 10 in Fighting
 17208 | Lair:1   | Received a gift from Nemelex Xobeh
 17972 | Lair:2   | Found an opulent altar of Gozag.
 18122 | Lair:2   | HP: 2/83 [death yak (18)]
 18591 | Lair:2   | Identified the +6 falchion "Iriucaxi" {elec, rC+ rCorr}
 18872 | Lair:2   | Found a hole to the Spider Nest.
 18881 | Lair:2   | Reached skill level 10 in Spellcasting
 19035 | Lair:2   | Received a gift from Nemelex Xobeh
 19402 | Lair:3   | Found a frozen archway.
 19450 | IceCv    | Entered an ice cave
 20476 | IceCv    | Gained mutation: Your large and strong wings let you fly.
                  | [Gargoyle growth]
 20476 | IceCv    | Reached XP level 14. HP: 91/91 MP: 18/28
 20583 | IceCv    | Noticed a reaper
 20596 | IceCv    | Killed a reaper
 21048 | Lair:3   | Identified 2 scrolls of acquirement
 21048 | Lair:3   | Acquired 786 gold pieces
 21056 | Lair:3   | Acquired 676 gold pieces
 21065 | Lair:3   | Reached ***** piety under Nemelex Xobeh
 21069 | Lair:3   | Received a gift from Nemelex Xobeh
 21635 | Lair:3   | Learned a level 4 spell: Animate Armour
 21860 | D:6      | Bought a book of Iron for 432 gold pieces
 21867 | D:6      | Learned a level 6 spell: Iron Shot
 22878 | Lair:4   | Received a gift from Nemelex Xobeh
 23103 | Lair:4   | Found a staircase to the Swamp.
 23497 | Lair:5   | Received a gift from Nemelex Xobeh
 24269 | Lair:5   | Received a gift from Nemelex Xobeh
 25331 | D:6      | Bought a +2 cloak for 231 gold pieces
 25559 | Lair:6   | Entered Level 6 of the Lair of Beasts
 25653 | Lair:6   | Received a gift from Nemelex Xobeh
 25663 | Lair:6   | Found a dark tunnel.
 25673 | Volcano  | Entered a volcano
 25732 | Volcano  | Reached skill level 13 in Earth Magic
 25736 | Volcano  | Reached skill level 10 in Dodging
 26263 | Lair:6   | Reached XP level 15. HP: 91/97 MP: 26/29
 26444 | Lair:6   | Identified the ring of the Magpie {rN+ Str+5 Int-5 Dex+7}
 26472 | Lair:6   | Found a runed translucent door.
 26868 | Lair:6   | Received a gift from Nemelex Xobeh
 27480 | Lair:6   | Received a gift from Nemelex Xobeh
 28054 | Lair:6   | Found a viscous altar of Jiyva.
 28054 | Lair:6   | Found a staircase to the Slime Pits.
 28347 | Orc:1    | Entered Level 1 of the Orcish Mines
 28371 | Orc:1    | Reached ****** piety under Nemelex Xobeh
 28412 | Orc:1    | Received a gift from Nemelex Xobeh
 28512 | Orc:2    | Entered Level 2 of the Orcish Mines
 29359 | Orc:2    | Found Ynas's General Store.
 29363 | Orc:2    | Found Ynintisi's General Store.
 29413 | Orc:2    | Reached skill level 1 in Armour
 29577 | Orc:2    | Reached skill level 14 in Earth Magic
 29731 | Orc:2    | Bought a potion of heal wounds for 65 gold pieces
 30127 | Orc:2    | Noticed Azrael
 30158 | Orc:2    | Killed Azrael
 30489 | Orc:2    | Found a staircase to the Elven Halls.
 30510 | Orc:2    | Noticed Donald
 30521 | Orc:2    | Mangled by Donald

Illustrated notes

Levels and vault maps discovered:
D:1:      dpeg_arrival_three_bigger_balls, layout_loops_ring,
          dreamdust_ecumenical_altar_angels_and_demons, serial_shops,
          nicolae_shop_trees
D:2:      layout_basic, basic_altar
D:3:      layout_basic, nemelex_diamond_rough_becter, yredelemnul_altar_generic,
          minmay_misc_feat_tiny
D:4:      layout_basic, minmay_temple_entry_drinking_statues, serial_park_tiny_1
D:5:      minmay_chambers_of_threes, layout_cave_pools, uniq_blork_the_orc
D:6:      layout_loops_corners, serial_shops, shop, nicolae_stop_n_shop_1,
          kennysheep_mini, nicolae_shop_overgrown_old_shop, shop,
          amcnicky_mini_pool_medium
D:7:      layout_loops_ring, minmay_hedge_maze
D:8:      cheibrodos_steamvent, layout_gridville, kennysheep_flooded_box,
          uniq_harold, uniq_gastronok
D:9:      layout_rooms, grunt_temple_overflow_growth_and_decay,
          grunt_temple_overflow_open
D:10:     layout_grid_maze
D:11:     layout_roguey, minmay_lair_entry_grove, erik_orc_1,
          amcnicky_mini_corridor_feature, nicolae_elemental_shop
Temple:   eino_temple_scatter_basement
Lair:1:   layout_layer_cave, beast_lair_carwin_10, grunt_megastairs_2,
          infiniplex_staircase_pool
Lair:2:   layout_misc_corridors, spider_nest_entry_funnel_web, basic_altar,
          serial_bayou_shore_a, lemuel_fruit_fields, grunt_megastairs_3
Lair:3:   layout_roguey, portal_ice_cave_demonic_guard, lemuel_fruit_fields
Lair:4:   layout_small_grid, minmay_swamp_entry_worms
Lair:5:   layout_cellular_growth, minmay_shattered_shrine
Lair:6:   hangedman_lair_tendril_chambers, layout_long_grid, wormcave,
          dpeg_slime_entry_enclosed_altar, enter_volcano_2
Orc:1:    layout_caves, nicolae_orc_rockfall, uniq_sonja, uniq_nergalle
Orc:2:    pf_orc_diabolical, layout_caves, bh_open_orc_temple, uniq_donald,
          uniq_azrael

Skill      XL: |  1  2  3  4  5  6  7  8  9 10 11 12 13 14 15 |
---------------+----------------------------------------------+-----
Transmutations | 1 |  1.0
Earth Magic    | 4 5 6 8 9 10 12 13 14 | 14.1
Fighting       | 1 2 3 4 5 6 7 9 11 12 | 12.8
Dodging        | 2 3 4 5 6 7 9 10 | 10.2
Conjurations   | 1 2 3 4 6 7 8 9 10 11 12 | 12.2
Spellcasting   | 3 4 5 6 8 10 11 | 11.2
Invocations    | 1 3 4 5 6 7 |  7.4
Shields        | 4 |  4.0
Armour         | 1 |  1.8
Stealth        | |  2.1

Action                   |  1- 3 |  4- 6 |  7- 9 | 10-12 | 13-15 || total
-------------------------+-------+-------+-------+-------+-------++-------
Melee: Unarmed           |     8 |       |       |       |       ||     8
       Dagger            |    20 |     3 |       |       |       ||    23
       Whip              |       |    32 |    98 |   163 |    80 ||   373
       Falchion          |       |       |       |       |   345 ||   345
 Cast: Sandblast         |    48 |    69 |    61 |    96 |   188 ||   462
       Stone Arrow       |       |       |    50 |   174 |   353 ||   577
       Passwall          |       |       |       |       |     1 ||     1
       Animate Armour    |       |       |       |       |    32 ||    32
       Petrify           |       |       |       |       |     1 ||     1
       Iron Shot         |       |       |       |       |     7 ||     7
       Sticky Flame      |       |       |       |       |     3 ||     3
Invok: Draw Summoning    |       |       |     1 |       |       ||     1
       Deal Four         |       |       |       |     1 |     4 ||     5
       Triple Draw       |       |       |       |       |     1 ||     1
       Draw Destruction  |       |       |       |       |     1 ||     1
Evoke: Wand              |       |       |       |     2 |     4 ||     6
  Use: Scroll            |       |     3 |     6 |     9 |    16 ||    34
       Potion            |       |     1 |     1 |     2 |     8 ||    12
Armor: Robe              |    13 |    13 |       |       |       ||    26
       Leather armour    |       |     4 |    89 |     8 |       ||   101
       Skin              |       |       |    24 |       |       ||    24
       Steam dragon scal |       |       |       |   115 |   345 ||   460
       Ring mail         |       |       |       |       |    81 ||    81
Dodge: Dodged            |    23 |    51 |   115 |   181 |   615 ||   985
Block: Buckler           |       |       |       |    74 |   237 ||   311
       Reflection        |       |       |       |       |     1 ||     1
       Rpst.: Falchion   |       |       |       |       |   162 ||   162
